 Dungeon Sprint DCSS version 0.30.1-1-g62c8e00024 (webtiles) character file.

Game seed: 10034997285367055514

4100000 boopmooplesden the Axe Maniac (level 20, -5/197 HPs)
             Began as a Demonspawn Gladiator on July 15, 2023.
             Was the Champion of Makhleb.
             Engulfed by a cloud of flame (16 damage)
             ... in the Dungeon (Sprint VIII: "Arena of Blood").
             The game lasted 00:02:05 (41 turns).

boopmooplesden the Axe Maniac (Demonspawn Gladiator)  Turns: 41, Time: 00:02:06

Health: -5/197     AC: 14    Str: 23    XL:     20   Next: 42%
Magic:  19/34      EV: 27    Int: 10    God:    Makhleb [******]
Gold:   0          SH:  0    Dex: 15    Spells: 40/40 levels left

rFire   . . .        l - +∞ Axe of Woe
rCold   . . .        (shield currently unavailable)
rNeg    . . .        b - +0 leather armour
rPois   .            c - +0 helmet
rElec   .            (no cloak)
rCorr   .            (no gloves)
SInv    .            (no boots)
Will    +....        (no amulet)
Stlth   +++++        (no ring)
HPRegen 0.52/turn    (no ring)
MPRegen 0.24/turn

%: no teleportation
@: sanguine armoured
A: hooves 2, demonic guardian 3, icemail 1, augmentation 2, sanguine armour 2,
condensation shield
a: Renounce Religion, Minor Destruction, Lesser Servant of Makhleb, Major
Destruction, Greater Servant of Makhleb


You were in the Dungeon.
You worshipped Makhleb.
Makhleb was exalted by your worship.
You visited 1 branch

Inventory:

Hand Weapons
 a - a +0 war axe
 l - the +∞ Axe of Woe (weapon)
   (You found it in the Dungeon)
Missiles
 d - 3 throwing nets (quivered)
 e - a javelin
Armour
 b - a +0 leather armour (worn)
 c - a +0 helmet (worn)
Jewellery
 m - a +30 ring of slaying
Scrolls
 k - a scroll of blinking
Potions
 f - a potion of curing
 g - a potion of heal wounds
 h - a potion of haste
 i - 2 potions of magic
 j - a potion of berserk rage


   Skills:
 O Level 27 Fighting
 + Level 10.5(12.4) Short Blades
 + Level 10.5(12.4) Long Blades
 O Level 27 Axes
 + Level 10.5(21.2) Maces & Flails
 + Level 10.5(21.2) Polearms
 + Level 10.5(13.9) Staves
 + Level 10.5 Ranged Weapons
 O Level 27 Throwing
 + Level 10.5 Armour
 O Level 27 Dodging
 + Level 11.4 Stealth
 + Level 10.5 Shields
 + Level 10.5 Unarmed Combat
 + Level 10.5 Spellcasting
 + Level 11.4 Conjurations
 + Level 12.7 Hexes
 + Level 11.4 Summonings
 + Level 12.4 Necromancy
 + Level 10.5 Translocations
 + Level 10.5 Transmutations
 + Level 10.5 Fire Magic
 + Level 10.5 Ice Magic
 + Level 10.5 Air Magic
 + Level 10.5 Earth Magic
 + Level 12.7 Poison Magic
 + Level 16.2 Invocations
 + Level 12.7 Evocations


You had 40 spell levels left.
You didn't know any spells.
Your spell library was empty.

Dungeon Overview and Level Annotations

Branches:
Dungeon (1/1)

Altars:
Makhleb


Innate Abilities, Weirdness & Mutations

You have hoof-like feet.
A powerful demonic guardian rushes to your aid.
A meltable icy envelope protects you from harm. (AC +0)
Your magical and physical power is enhanced at high health.
When seriously injured, your blood forms thick armour. (AC +9)
A meltable shield of frost defends you. (SH +0)


Message History

A destroyer comes into view. It is wielding a +9 heavy great sword.
The eight-headed meat hydra calls on the powers of darkness!
The eight-headed meat hydra convulses!
The bag of meat convulses!
Your body is wracked with pain!
* * * LOW HITPOINT WARNING * * *
The bag of meat convulses! x3
The bag of meat is engulfed in blazing flames.
You hear a shout!
A bag of meat comes into view. It is wielding a +9 war axe.
You hear a shout!
Your Stealth skill increases to level 11!
Your Conjurations skill increases to level 11!
Your Summonings skill increases to level 11!
Your Necromancy skill increases to level 12!
Your Invocations skill increases to level 16!
You cut the bag of meat into ribbons!!!
You hew the bag of meat savagely.
You blow up the bag of meat!
Makhleb accepts your kill.
You are engulfed in blazing flames.
* * * LOW HITPOINT WARNING * * *
You hear a shout! x3
A meat berserker comes into view. It is wielding a +9 battleaxe.
Your balrug gestures at the bag of meat.
The bolt of fire misses the bag of meat.
You hear a shout! x2
The destroyer is engulfed in blazing flames.
You hear a shout!
The meat berserker is engulfed in blazing flames.
The bag of meat is engulfed in blazing flames.
The eight-headed meat hydra calls on the powers of darkness!
The eight-headed meat hydra convulses!
The bag of meat convulses!
Your body is wracked with pain!
* * * LOW HITPOINT WARNING * * *
The bag of meat convulses!
The meat berserker convulses!
The bag of meat convulses! x2
You slash the destroyer!
You slaughter the destroyer joyfully.
You destroy the destroyer!
Makhleb accepts your kill.
You are engulfed in blazing flames.
You die...

...........
...........
......... #o......#
.O #.......# ..
...###... §§.###...
........###oo..o...
#...§...)○°O○.o..o.
......#.@§o☼#....o.
..... #☼§☼§2# ...oo
.... #o)☼§.# ....
#.o ...§§§o......O.
........###........
...###.D. ...###. .
. #... ...# #...
O.# ..... ..


You could see an eight-headed meat hydra, 2 meat berserkers, 8 bags of meat and
a friendly balrug (summoned).

Vanquished Creatures
  3 vampire knights (D)
  14 ogres (D)
  4 two-headed ogres (D)
  18 orcs (D)
39 creatures vanquished.

Vanquished Creatures (collateral kills)
  An orc (D)
1 creature vanquished.

Vanquished Creatures (others)
  An orc (D)
1 creature vanquished.

Grand Total: 41 creatures vanquished

Notes
Turn   | Place    | Note
-------+----------+-------------------------------------------
     0 | D        | Found the +∞ Axe of Woe
     0 | D        | boopmooplesden the Demonspawn Gladiator began the quest for
                  | the Orb.
     0 | D        | Reached XP level 1. HP: 16/16 MP: 1/1
     4 | D        | Became a worshipper of Makhleb the Destroyer
     5 | D        | Noticed a bag of meat
     6 | D        | Noticed a bag of meat
     6 | D        | Noticed a bag of meat
     6 | D        | Noticed a bag of meat
     9 | D        | Noticed a bag of meat
     9 | D        | Noticed a meat berserker
    10 | D        | Killed a bag of meat
    10 | D        | Noticed a meat berserker
    10 | D        | Noticed a meat berserker
    11 | D        | Reached skill level 15 in Axes
    11 | D        | Reached skill level 15 in Dodging
    11 | D        | Gained mutation: When seriously injured, your blood forms
                  | armour. (AC +9) [demonic ancestry]
    11 | D        | Reached XP level 2. HP: 34/34 MP: 2/2
    11 | D        | Reached XP level 3. HP: 39/39 MP: 3/3
    11 | D        | Reached XP level 4. HP: 46/46 MP: 4/4
    11 | D        | Gained mutation: A weak demonic guardian rushes to your
                  | aid. [demonic ancestry]
    11 | D        | Reached XP level 5. HP: 52/52 MP: 5/5
    11 | D        | Reached XP level 6. HP: 58/58 MP: 6/6
    11 | D        | Reached XP level 7. HP: 64/64 MP: 7/7
    11 | D        | Gained mutation: You have large cloven feet. [demonic
                  | ancestry]
    11 | D        | Reached XP level 8. HP: 71/71 MP: 8/8
    11 | D        | Gained mutation: You have hoof-like feet. [demonic
                  | ancestry]
    11 | D        | Reached XP level 9. HP: 76/76 MP: 9/9
    11 | D        | Gained mutation: A demonic guardian rushes to your aid.
                  | [demonic ancestry]
    11 | D        | Reached XP level 10. HP: 83/83 MP: 10/10
    11 | D        | Killed a meat berserker
    11 | D        | Reached * piety under Makhleb
    11 | D        | Noticed a bag of meat
    12 | D        | Gained mutation: When seriously injured, your blood forms
                  | thick armour. (AC +9) [demonic ancestry]
    12 | D        | Reached XP level 11. HP: 93/93 MP: 11/11
    12 | D        | Reached XP level 12. HP: 100/100 MP: 12/12
    12 | D        | Killed a meat berserker
    12 | D        | Killed a bag of meat
    12 | D        | Killed a bag of meat
    12 | D        | Reached ** piety under Makhleb
    12 | D        | Killed a bag of meat
    12 | D        | Noticed a meat berserker
    12 | D        | Noticed a meat berserker
    12 | D        | Noticed a meat berserker
    13 | D        | Gained mutation: Your magical and physical power is
                  | slightly enhanced at high health. [demonic ancestry]
    13 | D        | Reached XP level 13. HP: 111/111 MP: 13/13
    13 | D        | Gained mutation: Your magical and physical power is
                  | enhanced at high health. [demonic ancestry]
    13 | D        | Reached XP level 14. HP: 118/118 MP: 14/14
    13 | D        | Noticed a bag of meat
    14 | D        | Noticed a bag of meat
    15 | D        | Killed a meat berserker
    15 | D        | Noticed a meat berserker
    15 | D        | Noticed a bag of meat
    16 | D        | Killed a meat berserker
    16 | D        | Reached *** piety under Makhleb
    16 | D        | Killed a bag of meat
    16 | D        | Noticed a meat berserker
    17 | D        | Reached skill level 15 in Fighting
    17 | D        | Reached skill level 27 in Axes
    17 | D        | Reached XP level 15. HP: 130/130 MP: 15/15
    17 | D        | Killed a meat berserker
    18 | D        | Reached skill level 15 in Throwing
    18 | D        | Reached skill level 27 in Dodging
    18 | D        | Killed a meat berserker
    18 | D        | Reached **** piety under Makhleb
    19 | D        | Gained mutation: A powerful demonic guardian rushes to your
                  | aid. [demonic ancestry]
    19 | D        | Reached XP level 16. HP: 150/150 MP: 16/16
    19 | D        | Noticed a meat berserker
    19 | D        | Noticed a large bag of meat
    19 | D        | Noticed a meat berserker
    19 | D        | Noticed a destroyer
    20 | D        | Noticed a meat berserker
    21 | D        | Killed a meat berserker
    21 | D        | Killed a meat berserker
    21 | D        | Noticed a meat berserker
    22 | D        | Reached ***** piety under Makhleb
    23 | D        | Gained mutation: A meltable shield of frost defends you.
                  | (SH +0) [demonic ancestry]
    23 | D        | Reached XP level 17. HP: 173/173 MP: 17/17
    23 | D        | Killed a destroyer
    23 | D        | Noticed a large bag of meat
    24 | D        | Reached skill level 27 in Fighting
    24 | D        | Reached skill level 27 in Throwing
    24 | D        | Noticed a meat berserker
    25 | D        | Killed a meat berserker
    26 | D        | Noticed a large bag of meat
    26 | D        | Killed a meat berserker
    26 | D        | Killed a large bag of meat
    26 | D        | Reached ****** piety under Makhleb
    27 | D        | Reached skill level 10 in Invocations
    27 | D        | Reached XP level 18. HP: 147/182 MP: 17/27
    27 | D        | Noticed a meat berserker
    28 | D        | Killed a meat berserker
    29 | D        | Gained mutation: A meltable icy envelope protects you from
                  | harm. (AC +0) [demonic ancestry]
    29 | D        | Reached XP level 19. HP: 166/189 MP: 17/29
    29 | D        | Killed a meat berserker
    29 | D        | Noticed a large bag of meat
    30 | D        | Killed a large bag of meat
    30 | D        | Noticed a large bag of meat
    31 | D        | Reached skill level 10 in Hexes
    31 | D        | Reached skill level 10 in Necromancy
    31 | D        | Reached skill level 10 in Poison Magic
    31 | D        | Reached skill level 10 in Evocations
    32 | D        | Killed a large bag of meat
    32 | D        | Noticed an eight-headed meat hydra
    33 | D        | Killed a meat berserker
    33 | D        | Noticed a meat berserker
    34 | D        | Reached skill level 10 in Stealth
    34 | D        | Reached skill level 10 in Conjurations
    34 | D        | Reached skill level 10 in Summonings
    35 | D        | Killed a meat berserker
    35 | D        | Noticed a destroyer
    36 | D        | Reached skill level 15 in Invocations
    36 | D        | Reached XP level 20. HP: 58/197 MP: 18/33
    37 | D        | Noticed a destroyer
    38 | D        | Killed a large bag of meat
    39 | D        | Reached skill level 10 in Short Blades
    39 | D        | Reached skill level 10 in Long Blades
    39 | D        | Reached skill level 10 in Maces & Flails
    39 | D        | Reached skill level 10 in Polearms
    39 | D        | Reached skill level 10 in Staves
    39 | D        | Reached skill level 10 in Ranged Weapons
    39 | D        | Reached skill level 10 in Armour
    39 | D        | Reached skill level 10 in Shields
    39 | D        | Reached skill level 10 in Unarmed Combat
    39 | D        | Reached skill level 10 in Spellcasting
    39 | D        | Reached skill level 10 in Translocations
    39 | D        | Reached skill level 10 in Transmutations
    39 | D        | Reached skill level 10 in Fire Magic
    39 | D        | Reached skill level 10 in Ice Magic
    39 | D        | Reached skill level 10 in Air Magic
    39 | D        | Reached skill level 10 in Earth Magic
    39 | D        | Killed a destroyer
    39 | D        | Noticed a destroyer
    40 | D        | Noticed a meat berserker
    41 | D        | Killed a destroyer
    41 | D        | Engulfed by a cloud of flame

Illustrated notes

Levels and vault maps discovered:
D:        meatsprint

Skill      XL: |  1  2  3  4  5  6  7  8  9 10 11 12 13 14 15 16 17 18 19 20 |
---------------+-------------------------------------------------------------+-----
Fighting       | 9 11 13 15 20 26 27 | 27.0
Axes           | 15 19 24 27 | 27.0
Throwing       | 7 9 12 13 18 23 27 | 27.0
Dodging        | 15 18 23 26 27 | 27.0
Short Blades   | 6 7 9 10 | 10.5
Long Blades    | 6 7 9 10 | 10.5
Maces & Flails | 6 7 9 10 | 10.5
Polearms       | 6 7 9 10 | 10.5
Staves         | 6 7 9 10 | 10.5
Ranged Weapons | 6 7 9 10 | 10.5
Armour         | 6 7 9 10 | 10.5
Stealth        | 6 7 10 11 | 11.4
Shields        | 6 7 9 10 | 10.5
Unarmed Combat | 6 7 9 10 | 10.5
Spellcasting   | 6 7 9 10 | 10.5
Conjurations   | 6 7 10 11 | 11.4
Hexes          | 7 8 11 12 | 12.7
Summonings     | 6 7 10 11 | 11.4
Necromancy     | 7 8 11 12 | 12.4
Translocations | 6 7 9 10 | 10.5
Transmutations | 6 7 9 10 | 10.5
Fire Magic     | 6 7 9 10 | 10.5
Ice Magic      | 6 7 9 10 | 10.5
Air Magic      | 6 7 9 10 | 10.5
Earth Magic    | 6 7 9 10 | 10.5
Poison Magic   | 7 8 11 12 | 12.7
Invocations    | 10 11 15 16 | 16.2
Evocations     | 7 8 11 12 | 12.7

Action                     |  1- 3 |  4- 6 |  7- 9 | 10-12 | 13-15 | 16-18 | 19-21 || total
---------------------------+-------+-------+-------+-------+-------+-------+-------++-------
  Melee: Executioner's axe |     1 |       |       |     2 |     4 |     8 |    11 ||    26
  Dodge: Dodged            |       |       |       |       |       |       |     1 ||     1
